 Dungeon Crawl Stone Soup version 0.30-a0-476-g330ca2eb8e (webtiles) character file.

Game seed: 1968904354767547525

9475 cforsyth the Geomancer (level 11, -15/54 HPs)
             Began as a Gargoyle Earth Elementalist on Dec 21, 2022.
             Was a Priest of Vehumet.
             Demolished by a komodo dragon (23 damage)
             ... on level 10 of the Dungeon.
             The game lasted 00:51:30 (12598 turns).

cforsyth the Geomancer (GrEE)                      Turns: 12598, Time: 00:51:30

Health: -15/54     AC: 18    Str: 19    XL:     11   Next: 47%
Magic:  23/25      EV: 11    Int: 19    God:    Vehumet [***...]
Gold:   1209       SH:  5    Dex: 10    Spells: 27/31 levels left

rFire   . . .      SeeInvis .    b - +2 long sword of Inflation {vamp, rC+}
rCold   + . .      Faith    .    (no shield)
rNeg    + . .      Spirit   .    h - +0 acid dragon scales
rPois   ∞          Reflect  +    t - +1 helmet
rElec   +          Harm     .    j - +0 cloak
rCorr   +          Rampage  .    I - +0 pair of gloves
Will    .....                    (no boots)
Stlth   +.........               i - amulet of reflection
HPRegen 0.29/turn                y - +6 ring of strength
MPRegen 0.19/turn                N - ring of wizardry

@: about to teleport, studying 2 skills
A: sickness immunity, AC +8, negative energy resistance 1, electricity
resistance, torment resistance 1, petrification resistance
a: Renounce Religion


You were on level 10 of the Dungeon.
You worshipped Vehumet.
Vehumet was most pleased with you.
You visited 2 branches of the dungeon, and saw 11 of its levels.
You also visited: Sewer, Ossuary and Bailey.

You collected 1209 gold pieces.

Inventory:

Hand Weapons
 b - the +2 long sword of Inflation (weapon) {vamp, rC+}
   (You found it on level 5 of the Dungeon)

   It occasionally heals its wielder for a portion of the damage dealt when it
   wounds a living foe.
   rC:        It protects you from cold.
Missiles
 J - a throwing net
Armour
 a - a +0 robe
 h - +0 acid dragon scales (worn)
 j - a +0 cloak (worn)
 t - a +1 helmet (worn)
 z - a +0 buckler
 I - a +0 pair of gloves (worn)
Magical Staves
 q - a staff of fire
Jewellery
 i - an amulet of reflection (around neck)
 y - a +6 ring of strength (left hand)
 N - a ring of wizardry (right hand)
Wands
 c - a wand of polymorph (6)
 g - a wand of charming (6)
 o - a wand of flame (45)
 L - a wand of light (4)
Scrolls
 e - 2 scrolls of amnesia
 k - 2 scrolls of brand weapon
 m - 2 scrolls of enchant armour
 n - a scroll of magic mapping
 p - 3 scrolls of immolation {unknown}
 s - a scroll of teleportation
 w - a scroll of poison {unknown}
 x - a scroll of acquirement {unknown}
 E - a scroll of enchant weapon {unknown}
 F - 2 scrolls of fog
Potions
 d - a potion of resistance
 f - 6 potions of flight
 l - 4 potions of haste
 r - 3 potions of curing
 u - 5 potions of berserk rage
 v - 2 potions of magic
 A - 2 potions of brilliance
 B - a potion of invisibility
 C - 2 potions of might
 D - a potion of attraction
 G - 3 potions of heal wounds
 H - a potion of cancellation
 K - a potion of lignification {unknown}
 M - a potion of ambrosia {unknown}


   Skills:
 - Level 1.5 Dodging
 - Level 2.1 Stealth
 + Level 10.6 Spellcasting
 + Level 8.4 Conjurations
 - Level 0.7 Transmutations
 + Level 13.7 Earth Magic


You had 27 spell levels left.
You knew the following spells:

 Your Spells              Type           Power      Damage    Failure   Level
a - Sandblast             Erth           100%       2d20      1%          1
b - Stone Arrow           Conj/Erth      100%       3d13      1%          3

Your spell library contained the following spells:

 Spells                   Type           Power      Damage    Failure   Level
 Hailstorm                Conj/Ice       26%        3d7       1%          3
 Passwall                 Tmut/Erth      30%        N/A       1%          2
 Petrify                  Tmut/Erth      37%        N/A       1%          4
 Gell's Gravitas          Tloc           10%        N/A       12%         3
 Ozocubu's Armour         Ice            10%        N/A       12%         3
 Teleport Other           Tloc           10%        N/A       12%         3
 Animate Dead             Necr           10%        N/A       34%         4
 Dispersal                Tloc           5%         N/A       99%         6
 Ozocubu's Refrigeration  Ice            5%         4d8       99%         7
 Haunt                    Necr/Summ      5%         N/A       100%        7
 Malign Gateway           Summ/Tloc      5%         N/A       100%        7
 Infestation              Necr           5%         N/A       100%        8
 Summon Horrible Things   Summ           5%         N/A       100%        8


Dungeon Overview and Level Annotations

Branches:
Dungeon (10/15)            Temple (1/1) D:5             Orc (0/2) D:9
  Sewer (visited)         Ossuary (visited)          Bailey (visited)
   Lair: D:8-11

Altars:
Ashenzari
Cheibriados
Dithmenos
Elyvilon
Fedhas
Gozag
Hepliaklqana
Kikubaaqudgha
Makhleb
Nemelex Xobeh
Okawaru
Qazlal
Ru
Sif Muna
Trog
Uskayaw
Vehumet
Wu Jian
Xom
Yredelemnul
The Shining One

Shops:
D:6 **   D:7 *   D:9 *

Annotations:
D:4 Edmund


Innate Abilities, Weirdness & Mutations

You are immune to sickness and miasma.
Your stone body is resilient. (AC +8)
You are immune to poison.
You resist negative energy. (rN+)
You are resistant to electric shocks. (rElec)
You are resistant to unholy torment.
You are immune to petrification.


Message History

The orc warrior is almost dead.
The komodo dragon hisses angrily.
An orc comes into view. It is wielding a +0 hand axe.
A troll comes into view.
The orc moves out of view.
The blast of sand hits the orc warrior but does no damage.
The orc warrior is almost dead.
The orc warrior throws a silver boomerang.
You reflect the silver boomerang off an invisible shield around you!
The silver boomerang hits the orc warrior!
You kill the orc warrior!
Vehumet accepts your kill.
You feel your power returning.
Unknown command.
The blast of sand hits the komodo dragon but does no damage.
The orc shouts!
You hear a bark!
The blast of sand hits the komodo dragon.
The komodo dragon is lightly wounded.
The komodo dragon closely misses you.
Unknown command.
The komodo dragon bites you!!
You are too injured to fight recklessly!
Unknown command.
You hit the komodo dragon but do no damage.
The komodo dragon is lightly wounded.
The komodo dragon completely misses you.
Unknown command.
Unknown command.
You hit the komodo dragon but do no damage.
The komodo dragon is lightly wounded.
The komodo dragon closely misses you. The komodo dragon bites you!
* * * LOW HITPOINT WARNING * * *
Unknown command.
Unknown command.
As you read the scroll of teleportation, it crumbles to dust.
You feel strangely unstable. The komodo dragon bites you.
* * * LOW HITPOINT WARNING * * *
The komodo dragon attacks as you move away!
The komodo dragon bites you!!
You die...

...~.
~.~~.~~~~........#.........
.....
~.~........#####'#.........
.....
..~......~.................
.....
...........................
.....
..........'................
.....
.....)...o#............##'#
.....
..$#######.T..P###.....#...
.....
#...lP....#.#.....#...
.....
#....@......#.....#...
.....
#...P..#....#.....#...
.....
#.(.P.##.._.#.....#...
.....
#......#....#.....#...
.....
#.....P.....#.....#...
.....
#.........#.#.....####
.....
#....P....###..###....
##### #......#......##
#.... #######......## #....


You could see a komodo dragon, a troll and an orc.

Vanquished Creatures
  A two-headed ogre (D:9)
  Sonja (D:9)
  An ugly thing (D:8)
  Maurice (D:8)
  A gargoyle (D:5)
  Maggie (D:7)
  2 wyverns
  5 yaks
  Duvessa (D:5)
  An acid dragon (D:9)
  A water moccasin (Sewer)
  9 orc warriors
  2 ice beasts (D:6)
  A black bear (D:8)
  A wolf (D:10)
  5 centaurs
  2 phantoms
  7 kobold brigands
  2 gnoll sergeants
  2 bullfrogs
  2 necrophages
  5 scorpions
  2 water moccasin zombies (D:5)
  9 wights (D:8)
  A wyvern skeleton (D:5)
  A water moccasin skeleton (D:5)
  Dowan (D:6)
  A vampire bat (D:8)
  11 killer bees
  4 howler monkeys
  3 electric eels (D:10)
  3 bullfrog zombies (D:5)
  3 hounds
  4 jellies
  A bullfrog skeleton (D:5)
  A centaur skeleton (D:5)
  5 orc priests
  3 iguanas
  2 gnoll boudas
  Natasha (thrice) (D:4)
  A scorpion zombie (D:5)
  5 orc wizards
  A hound zombie (D:5)
  3 mummies (Ossuary)
  Robin (D:4)
  17 gnolls
  9 adders
  2 white imps
  An ufetubus (D:7)
  An adder skeleton (D:5)
  An adder zombie (Ossuary)
  2 worms
  3 dart slugs
  20 orcs
  10 ball pythons
  6 endoplasms
  4 giant cockroaches
  25 goblins
  14 hobgoblins
  A jackal (D:5)
  27 kobolds
  6 quokkas
  17 bats
  6 frilled lizards
  A gnoll zombie (Ossuary)
  6 goblin zombies (Ossuary)
  3 hobgoblin zombies (Ossuary)
  4 kobold zombies (Ossuary)
  An orc zombie (Ossuary)
  2 quokka zombies (Ossuary)
  4 rats
316 creatures vanquished.

Vanquished Creatures (others)
  3 bullfrogs (D:6)
  A howler monkey (D:6)
  An iguana (D:6)
  A gnoll (Temple)
  An adder (D:6)
  A plant (D:4)
8 creatures vanquished.

Grand Total: 324 creatures vanquished

Notes
Turn   | Place    | Note
-------+----------+-------------------------------------------
     0 | D:1      | cforsyth the Gargoyle Earth Elementalist began the quest
                  | for the Orb.
     0 | D:1      | Reached XP level 1. HP: 10/10 MP: 3/3
   174 | D:1      | Reached XP level 2. HP: 15/15 MP: 3/5
   209 | D:1      | Reached skill level 4 in Earth Magic
   516 | D:1      | Reached XP level 3. HP: 19/19 MP: 4/6
  1524 | D:2      | Reached XP level 4. HP: 24/24 MP: 6/8
  2232 | D:3      | Reached skill level 5 in Earth Magic
  3152 | D:4      | Noticed a scorpion
  3156 | D:4      | Killed a scorpion
  3157 | D:4      | Reached XP level 5. HP: 28/28 MP: 5/10
  3194 | D:4      | Noticed Natasha
  3203 | D:4      | Killed Natasha
  3355 | D:4      | Noticed Natasha
  3366 | D:4      | Killed Natasha
  3367 | D:4      | Reached skill level 6 in Earth Magic
  3367 | D:4      | Reached XP level 6. HP: 20/32 MP: 2/12
  3642 | D:4      | Noticed Natasha
  3644 | D:4      | Noticed Robin
  3646 | D:4      | Killed Natasha
  3815 | D:4      | Killed Robin
  4201 | D:4      | Noticed Edmund
  4352 | D:5      | Entered Level 5 of the Dungeon
  4382 | D:5      | Reached skill level 5 in Spellcasting
  4382 | D:5      | Reached skill level 7 in Earth Magic
  4382 | D:5      | Reached XP level 7. HP: 33/36 MP: 2/14
  4397 | D:5      | Identified the +2 long sword of Inflation {vamp, rC+}
  4539 | D:5      | Reached skill level 8 in Earth Magic
  4557 | D:5      | Reached XP level 8. HP: 32/41 MP: 0/16
  4654 | D:5      | Found a staircase to the Ecumenical Temple.
  4663 | D:5      | Found a glowing drain.
  4672 | Sewer    | Entered a sewer
  4864 | Temple   | Entered the Ecumenical Temple
  5017 | D:5      | Reached skill level 9 in Earth Magic
  5164 | D:5      | Noticed a gargoyle
  5165 | D:5      | Noticed a yak
  5224 | D:4      | Killed a yak
  5765 | D:5      | Killed a gargoyle
  5766 | D:5      | Reached skill level 10 in Earth Magic
  5766 | D:5      | Reached XP level 9. HP: 45/45 MP: 18/20
  6111 | D:6      | Learned a level 3 spell: Stone Arrow
  6125 | D:6      | Reached skill level 1 in Conjurations
  6227 | D:6      | Found a shimmering altar of Xom.
  6432 | D:6      | Found Maniakh's Mayhem Merchandise.
  6687 | D:6      | Found a white marble altar of Elyvilon.
  6770 | D:6      | Reached skill level 11 in Earth Magic
  6880 | D:6      | Found Uneunel's Fire Supplies.
  7065 | D:6      | Found a shimmering blue altar of Sif Muna.
  7271 | D:7      | Noticed Duvessa
  7271 | D:7      | Noticed Maggie
  7272 | D:7      | Noticed Dowan
  7276 | D:7      | Killed Maggie
  7409 | D:6      | Killed Dowan
  7918 | D:5      | Killed Duvessa
  8169 | D:7      | Reached XP level 10. HP: 50/50 MP: 19/22
  8338 | D:7      | Found a glowing golden altar of the Shining One.
  8338 | D:7      | Found a bloodstained altar of Trog.
  8338 | D:7      | Found an opulent altar of Gozag.
  8339 | D:7      | Found a snail-covered altar of Cheibriados.
  8515 | D:7      | Reached skill level 5 in Conjurations
  8562 | D:7      | Found Xily's Assorted Antiques.
  8884 | D:7      | Found a radiant altar of Vehumet.
  8893 | D:7      | Became a worshipper of Vehumet
  9182 | D:8      | Noticed Maurice
  9196 | D:8      | Killed Maurice
  9197 | D:8      | Reached skill level 12 in Earth Magic
  9246 | D:8      | Found a shadowy altar of Dithmenos.
  9290 | D:8      | Noticed a white ugly thing
  9296 | D:8      | Killed a white ugly thing
  9420 | D:8      | Found a sand-covered staircase.
  9424 | Ossuary  | Entered an ossuary
  9454 | Ossuary  | Reached * piety under Vehumet
  9454 | Ossuary  | Offered knowledge of Shock by Vehumet.
 10232 | D:8      | Reached ** piety under Vehumet
 10232 | D:8      | Offered knowledge of Searing Ray by Vehumet.
 10470 | D:9      | Found a flagged portal.
 10480 | Bailey   | Entered a bailey
 10670 | Bailey   | Identified the +9 battleaxe of Resourcefulness {antimagic,
                  | Int+6 Dex-3}
 10746 | Bailey   | Reached skill level 13 in Earth Magic
 10778 | Bailey   | Reached skill level 10 in Spellcasting
 10778 | Bailey   | Reached XP level 11. HP: 44/54 MP: 14/25
 11020 | Bailey   | Found a bloodstained altar of Trog.
 11115 | D:9      | Found an ornate altar of the Wu Jian Council.
 11143 | D:9      | Offered knowledge of Hailstorm by Vehumet.
 11173 | D:9      | Found a staircase to the Orcish Mines.
 11617 | D:9      | Found Kaiwuesa's General Store.
 11907 | D:10     | Entered Level 10 of the Dungeon
 11912 | D:10     | Noticed Sonja
 11929 | D:9      | Killed Sonja
 11995 | D:9      | Noticed a two-headed ogre
 12001 | D:9      | Killed a two-headed ogre
 12117 | D:9      | Reached *** piety under Vehumet
 12565 | D:10     | Found an ancient bone altar of Kikubaaqudgha.
 12598 | D:10     | Demolished by a komodo dragon

Illustrated notes

Levels and vault maps discovered:
D:1:      dpeg_arrival_orchard, layout_basic, amcnicky_mini_pool_small,
          serial_park_tiny_pond, minmay_vboxes
D:2:      layout_basic
D:3:      layout_loops_ring, serial_rivers, chequers_serial_rivers_micro_e,
          chequers_serial_rivers_small_b, chequers_serial_rivers_large_b,
          chequers_serial_rivers_large_a, chequers_serial_rivers_micro_c,
          due_unseen_surprise
D:4:      corexii_shantytown, layout_loops_corners, uniq_robin, uniq_natasha,
          uniq_edmund
D:5:      cheibrodos_quashed, layout_cave_pools, minmay_temple_entry_mini_moons,
          portal_sewer_entry_d, serial_undead, serial_undead_c, serial_undead_c,
          serial_undead_f, serial_undead_e, serial_undead_e,
          minmay_chambers_of_fives
D:6:      layout_cave_pools, xom_confusion_cloud,
          mainiacjoe_overflow_surrounded_room, elyvilon_altar_3, serial_rivers,
          chequers_serial_rivers_micro_e, chequers_serial_rivers_room_b,
          chequers_serial_rivers_small_3, chequers_serial_rivers_small_a,
          chequers_serial_rivers_room_b, hangedman_abyss_or_decor_stagger,
          nicolae_shop_fire_sale [nicolae_sub_dead_trees], minmay_shop_mayhem,
          grunt_decor_mini_mirrors, grunt_decor_clamped, uniq_crazy_yiuf_cottage
D:7:      layout_rooms, vehumet_altar_wand_db,
          chequers_temple_overflow_statue_of_worship, serial_shops, shop,
          serial_curves, eino_curves_04, eino_curves_02, eino_curves_02,
          eino_curves_02, uniq_duvessa, uniq_maggie
D:8:      layout_loops_ring, nicolae_dithmenos_through_a_glass_darkly,
          nicolae_ossuary_entry_plus, hangedman_abyss_or_decor_stabs,
          minivault_27, roderic_batcave, uniq_maurice
D:9:      layout_cave_pools, lemuel_tele_altar, orc_0_dummy, serial_shops, shop,
          enter_bailey_8, chequers_serial_rivers_micro_e
D:10:     layout_gridville, zin_statuary, kiku_gazebo_garden_becter,
          erik_lair_island, uniq_sonja
Temple:   compressed_dpeg_circular_temple

Skill      XL: |  1  2  3  4  5  6  7  8  9 10 11 |
---------------+----------------------------------+-----
Earth Magic    | 4 5 6 7 8 10 11 13 | 13.7
Spellcasting   | 3 4 5 7 8 10 | 10.6
Conjurations   | 4 7 8 |  8.4
Dodging        | |  1.5
Stealth        | |  2.1
Transmutations | |  0.7

Action                   |  1- 3 |  4- 6 |  7- 9 | 10-12 || total
-------------------------+-------+-------+-------+-------++-------
Melee: Unarmed           |     6 |       |       |       ||     6
       Long sword        |       |       |    16 |     2 ||    18
 Cast: Sandblast         |    49 |   132 |   167 |   243 ||   591
Evoke: Wand              |       |       |    12 |     3 ||    15
  Use: Scroll            |       |     7 |     8 |    11 ||    26
       Potion            |       |       |     7 |       ||     7
Armor: Robe              |     2 |    35 |    44 |    44 ||   125
       Skin              |       |       |    37 |       ||    37
       Acid dragon scale |       |       |       |    25 ||    25
Dodge: Dodged            |     9 |    55 |    73 |    73 ||   210
Block: Other             |       |       |    22 |    35 ||    57
       Reflection        |       |       |     1 |     9 ||    10

Table legend: (Time is in decaauts)
 A = Elapsed time spent in this place.
 B = Non-inter-level travel time spent in this place.
 C = Inter-level travel time spent in this place.
 D = Time resting spent in this place.
 E = Time spent auto-exploring this place.
 F = Levels seen in this place.
 G = Mean time per level.
                   A        B        C        D        E       F      G
               +--------+--------+--------+--------+--------+-----+--------+
         Total |  12990 |  12559 |    431 |   2533 |   7038 |  14 |  927.9 |
       Dungeon |  11586 |  11166 |    420 |   1993 |   6634 |  10 | 1158.6 |
        Temple |    409 |    399 |     10 |    126 |    185 |   1 |  409.0 |
         Sewer |    174 |    174 |      0 |     47 |     80 |   1 |  174.0 |
       Ossuary |    198 |    198 |      0 |      0 |     79 |   1 |  198.0 |
        Bailey |    621 |    621 |      0 |    367 |     59 |   1 |  621.0 |
               +--------+--------+--------+--------+--------+-----+--------+

Top non-repeatable levels by time:
     D:4: 2020 daAuts
     D:8: 1434 daAuts
     D:5: 1392 daAuts
     D:6: 1306 daAuts
     D:9: 1119 daAuts
     D:3: 1117 daAuts
     D:2: 1044 daAuts
     D:1: 1025 daAuts
     D:7: 973 daAuts
  Bailey: 621 daAuts
  Temple: 409 daAuts
 Ossuary: 198 daAuts
   Sewer: 174 daAuts
    D:10: 152 daAuts
